 Dungeon Crawl Stone Soup version 0.29-a0-284-gf9362112df (webtiles) character file.

Game seed: 6461140594047244156

506 Zonian the Chiller (level 7, -6/29 (32) HPs)
             Began as a Vine Stalker Ice Elementalist on Mar 25, 2022.
             Mangled by a two-headed ogre
             ... wielding a +0 giant club
              (9 damage)
             ... on level 5 of the Dungeon.
             The game lasted 00:12:24 (6356 turns).

Zonian the Chiller (Vine Stalker Ice Elementalist)  Turns: 6356, Time: 00:12:24

HP:   -6/29 (32)    AC: 11    Str: 11    XL:     7   Next: 18%
MP:   0/14          EV: 13    Int: 17    God:
Gold: 212           SH:  0    Dex: 14    Spells: 3/14 levels left

rFire   . . .      SeeInvis .   (no weapon)
rCold   . . .      Faith    .   (no shield)
rNeg    . . .      Spirit   +   a - +0 robe
rPois   .          Reflect  .   (no helmet)
rElec   .          Harm     .   n - +2 cloak
rCorr   +          Rampage  .   (no gloves)
Will    .....                   (no boots)
Stlth   +++.......              (no amulet)
HPRegen 0.89/turn               t - ring of resist corrosion
MPRegen 0.14/turn               (no ring)

@: ice-armoured, freezing walls, drained
A: fangs 2, regeneration 1, magic shield, antimagic bite, no potion heal 2
a: no special abilities


You were on level 5 of the Dungeon.
You visited 1 branch of the dungeon, and saw 5 of its levels.

You collected 212 gold pieces.

Inventory:

Missiles
 l - 4 javelins
 q - 4 poisoned darts
Armour
 a - a +0 robe (worn)
 n - a +2 cloak (worn)
 s - a +1 leather armour of fire resistance
Jewellery
 t - a ring of resist corrosion (left hand)
Wands
 v - a wand of digging (3)
Scrolls
 m - a scroll of magic mapping
Potions
 e - 4 potions of flight
 i - a potion of mutation
 k - a potion of curing
 p - a potion of lignification {unknown}
 u - a potion of might {unknown}


   Skills:
 + Level 3.3 Dodging
 + Level 5.2 Stealth
 + Level 0.0 Unarmed Combat
 + Level 4.2 Spellcasting
 + Level 0.0 Conjurations
 + Level 5.4 Ice Magic


You had 3 spell levels left.
You knew the following spells:

 Your Spells              Type           Power      Damage    Failure   Level
a - Freeze                Ice            88%        1d10      1%          1
b - Frozen Ramparts       Ice            44%        1d6       4%          3
c - Ozocubu's Armour      Ice            22%        N/A       4%          3
d - Hailstorm             Conj/Ice       12%        3d5       45%         4

Your spell library contained the following spells:

 Spells                   Type           Power      Damage    Failure   Level
 Corpse Rot               Necr/Air       6%         N/A       24%         2
 Poisonous Vapours        Pois/Air       6%         N/A       24%         2


Dungeon Overview and Level Annotations

Branches:
Dungeon (5/15)
 Temple: D:4-7

Altars:
Ashenzari

Annotations:
D:3 1 runed translucent door, bande's ghost, amateur GrFi
D:4 exclusion: ice beast
D:5 exclusion: ice beast


Innate Abilities, Weirdness & Mutations

You have extremely sharp teeth.
Your natural rate of healing is unusually fast.
When hurt, damage is shared between your health and your magic reserves.
Your bite disrupts and absorbs the magic of your enemies.
Potions cannot restore your health.


Message History

Confirm with . or Enter, or press ? or * to list all spells.
The spell is quite dangerous to miscast (4% risk of failure)!
Continue anyway?
Casting: Frozen Ramparts (quite dangerous; 4% risk of failure)
Press: ? - help, Dir - look around, f - activate The walls around you are covered in ice.
The wall freezes the orc.
The orc closely misses you.
The ice beast completely resists.
The wall freezes the ice beast but does no damage.
Unknown command.
Okay, then.
You hit the orc.
You kill the orc!
The wall freezes the two-headed ogre.
The ice beast completely resists.
The wall freezes the ice beast but does no damage.
Unknown command.
You hit the two-headed ogre but do no damage.
Your bite misses the two-headed ogre.
The two-headed ogre is lightly wounded.
The ice beast completely resists.
The wall freezes the ice beast but does no damage.
The ice beast hits you but does no damage.
The wall freezes the two-headed ogre.
The two-headed ogre hits you with a +0 giant club!!
Ouch! That really hurt!
* * * LOW HITPOINT WARNING * * *
The two-headed ogre hits you with a +0 dire flail!
* * * LOW HITPOINT WARNING * * *
Unknown command.
You hit the two-headed ogre but do no damage.
You bite the two-headed ogre. You drain its power.
You feel invigorated.
The two-headed ogre is lightly wounded.
The ice beast completely resists.
The wall freezes the ice beast but does no damage.
The ice beast hits you but does no damage.
Unknown command.
You hit the two-headed ogre. Your bite misses the two-headed ogre.
The two-headed ogre is lightly wounded.
The wall freezes the two-headed ogre.
The two-headed ogre hits you with a +0 giant club!
You die...

.. #.......# #.# #.
#.####### #.# .#.. #.#
#.# #.... #.# #.#
##....#####.# #.#
.oO...'.oo..###########.#
#.....######o........##.#
#.#.. #o#######.##.### #.
#.#.O@Y<.......# #
#.#.###.#.######
#.......#.# #...#####.#
#..o# #.# #...# .Y# #...#
### ..... ......>


You could see a two-headed ogre and an ice beast.

Vanquished Creatures
  An ogre (D:4)
  A scorpion (D:4)
  3 hounds
  Ijyb (D:4)
  An orc wizard (D:4)
  7 adders
  A white imp (D:4)
  5 worms
  3 dart slugs
  18 orcs
  11 endoplasms
  3 giant cockroaches
  11 hobgoblins
  4 jackals (D:3)
  5 kobolds
  6 quokkas
  8 ball pythons
  4 bats
  A frilled lizard (D:1)
  4 goblins
  6 rats
104 creatures vanquished.

Notes
Turn   | Place    | Note
-------+----------+-------------------------------------------
     0 | D:1      | Zonian the Vine Stalker Ice Elementalist began the quest
                  | for the Orb.
     0 | D:1      | Reached XP level 1. HP: 9/9 MP: 4/4
   230 | D:1      | Reached XP level 2. HP: 12/13 MP: 0/6
   617 | D:1      | Found a faded altar of an unknown god.
   617 | D:1      | Noticed a rust devil
   620 | D:1      | You fall into a shaft and drop 1 floor!
   957 | D:2      | Reached XP level 3. HP: 15/16 MP: 5/7
  1157 | D:1      | Learned a level 3 spell: Frozen Ramparts
  1161 | D:1      | Learned a level 3 spell: Ozocubu's Armour
  2545 | D:2      | Gained mutation: Your natural rate of healing is unusually
                  | fast. [Vine Stalker growth]
  2545 | D:2      | Reached XP level 4. HP: 20/21 MP: 5/9
  2599 | D:2      | Found a broken altar of Ashenzari.
  3418 | D:3      | Found a runed translucent door.
  3418 | D:3      | Noticed bande's ghost (amateur GrFi)
  3593 | D:3      | Reached XP level 5. HP: 24/24 MP: 5/10
  4638 | D:4      | Noticed Ijyb
  5120 | D:4      | Killed Ijyb
  5121 | D:4      | Reached XP level 6. HP: 22/28 MP: 1/12
  5390 | D:4      | Reached skill level 5 in Ice Magic
  5661 | D:4      | Noticed an ice beast
  5916 | D:4      | HP: 1/42 [ogre/+0 giant spiked club (14)]
  5918 | D:4      | Reached skill level 5 in Stealth
  5922 | D:4      | HP: 1/28 [hound (3)]
  5927 | D:4      | Reached XP level 7. HP: 6/32 MP: 3/14
  6222 | D:5      | Entered Level 5 of the Dungeon
  6238 | D:5      | Learned a level 4 spell: Hailstorm
  6307 | D:5      | Noticed a two-headed ogre
  6354 | D:5      | HP: 1/29 [two-headed ogre/+0 giant club (6)]
  6356 | D:5      | Mangled by a two-headed ogre

Illustrated notes

Levels and vault maps discovered:
D:1:      evilmike_arrival_hilbert_curve, layout_basic, serial_forest,
          infiniplex_forest_lined_3, infiniplex_forest_corner_1,
          infiniplex_forest_lined_1, infiniplex_forest_straight_3,
          infiniplex_forest_straight_2, infiniplex_forest_end_2,
          dreamdust_ecumenical_altar_sealed_demon
D:2:      layout_basic, basic_altar, minmay_box_of_dots
D:3:      layout_loops_ring, hellmonk_ghost_happy_afterlife, grunt_ministairs_9
D:4:      layout_rooms, uniq_ijyb
D:5:      layout_basic, minmay_temple_entry_statues, minmay_misc_feat_tiny,
          uniq_pikel

Skill      XL: |  1  2  3  4  5  6 |
---------------+-------------------+-----
Stealth        | 3 4 5 |  5.2
Dodging        | 2 3 |  3.3
Spellcasting   | 3 4 |  4.2
Ice Magic      | 5 |  5.4

Action                   |  1- 3 |  4- 6 |  7- 9 || total
-------------------------+-------+-------+-------++-------
Melee: Unarmed           |    31 |   164 |     8 ||   203
       Bite              |     8 |    52 |     2 ||    62
       Punch             |     1 |     1 |       ||     2
 Cast: Freeze            |    50 |    95 |     4 ||   149
       Frozen Ramparts   |       |     1 |     2 ||     3
       Ozocubu's Armour  |       |       |     1 ||     1
  Use: Scroll            |     3 |     9 |     1 ||    13
       Potion            |       |     2 |     1 ||     3
 Stab: Sleeping          |     1 |     2 |       ||     3
Armor: Robe              |    10 |    47 |     4 ||    61
Dodge: Dodged            |    55 |   146 |     7 ||   208

Table legend: (Time is in decaauts)
 A = Elapsed time spent in this place.
 B = Non-inter-level travel time spent in this place.
 C = Inter-level travel time spent in this place.
 D = Time resting spent in this place.
 E = Time spent auto-exploring this place.
 F = Levels seen in this place.
 G = Mean time per level.
                   A        B        C        D        E       F      G
               +--------+--------+--------+--------+--------+-----+--------+
         Total |   6368 |   6243 |    125 |   2104 |   3016 |   5 | 1273.6 |
       Dungeon |   6368 |   6243 |    125 |   2104 |   3016 |   5 | 1273.6 |
               +--------+--------+--------+--------+--------+-----+--------+

Top non-repeatable levels by time:
     D:3: 1823 daAuts
     D:2: 1819 daAuts
     D:1: 1439 daAuts
     D:4: 1152 daAuts
     D:5: 133 daAuts
